 Dungeon Crawl Stone Soup version 0.28.0-47-ge53b351184 (webtiles) character file.

Game seed: 9069044094621185497

52 CryoSword the Chopper (level 3, -7/29 HPs)
             Began as a Demonspawn Fighter on May 6, 2022.
             Splashed by a jelly's acid (8 damage)
             ... on level 2 of the Dungeon.
             The game lasted 00:01:25 (1747 turns).

CryoSword the Chopper (Demonspawn Fighter)          Turns: 1747, Time: 00:01:26

Health: -7/29      AC:  2    Str: 18    XL:     3   Next: 60%
Magic:  3/3        EV:  9    Int:  9    God:
Gold:   76         SH:  4    Dex: 12    Spells: 2/2 levels left

rFire   . . .      SeeInvis .   a - +0 war axe
rCold   . . .      Faith    .   c - +0 buckler
rNeg    . . .      Spirit   .   b - +0 scale mail
rPois   .          Reflect  .   (no helmet)
rElec   .          Harm     .   (no cloak)
rCorr   .          Rampage  .   (no gloves)
Will    .....                   (no boots)
Stlth   ..........              (no amulet)
HPRegen 0.09/turn               (no ring)
MPRegen 0.08/turn               (no ring)

@: corroded
A: demonic touch 1
a: no special abilities


You were on level 2 of the Dungeon.
You visited 1 branch of the dungeon, and saw 3 of its levels.

You collected 76 gold pieces.

Inventory:

Hand Weapons
 a - a +0 war axe (weapon)
Missiles
 f - 3 poisoned darts (quivered)
 h - 2 boomerangs
 k - 3 atropa-tipped darts
Armour
 b - a +0 scale mail (worn)
 c - a +0 buckler (worn)
 g - a +0 pair of boots
   (You found it on level 1 of the Dungeon)
 m - a +0 cloak
   (You found it on level 3 of the Dungeon)
Wands
 j - a wand of flame (26)
   (You found it on level 2 of the Dungeon)
Scrolls
 i - 2 scrolls of silence {unknown}
Potions
 d - a potion of might
 e - a potion of mutation {unknown}
 l - a potion of ambrosia {unknown}


   Skills:
 - Level 3.0 Fighting
 + Level 3.6 Axes
 - Level 2.6 Armour
 - Level 2.6 Shields


You had 2 spell levels left.
You didn't know any spells.
Your spell library contained the following spells:

 Spells                   Type           Power      Damage    Failure   Level
 Borgnjor's Revivificati  Necr           0%         N/A       100%        8
 Necromutation            Tmut/Necr      0%         N/A       100%        8
 Death's Door             Necr           0%         N/A       100%        9


Dungeon Overview and Level Annotations

Branches:
Dungeon (3/15)

Altars:
Cheibriados

Shops:
D:3 =


Innate Abilities, Weirdness & Mutations

Your touch may inflict minor irresistible damage on your foes.


Message History

i - 2 scrolls labelled ZOCLOU LYGIST (gained 1)
You see here a +0 mace.
Found a stone staircase leading down.
There is a stone staircase leading down here.
A rat comes into view.
A bat comes into view.
The bat moves out of view.
A rat is nearby!
A rat is nearby!
No target in view!
No target in view!
No target in view!
A rat is nearby!
The rat bites you.
You closely miss the rat. You block the rat's attack.
The rat bites you but does no damage.
You barely miss the rat. The rat bites you but does no damage.
You barely miss the rat. You block the rat's attack.
You barely miss the rat. The rat bites you but does no damage.
You block the rat's attack.
You closely miss the rat. The rat bites you but does no damage.
You closely miss the rat. The rat bites you.
You barely miss the rat. The rat barely misses you. The rat closely misses you.
You hit the rat.
You kill the rat!
No target in view!
No target in view!
A kobold comes into view. It is wielding a +0 dagger.
The kobold shouts!
The kobold throws a stone.
The stone hits you but does no damage.
A kobold is nearby!
A kobold is nearby!
A kobold is nearby!
You closely miss the kobold. The kobold hits you with a +0 dagger.
You slash the kobold!
You kill the kobold!
No target in view!
No target in view!
No target in view!
No target in view!
No target in view!
No target in view!
No target in view!
Things that are here:
a +0 dagger; a stone
k - 3 atropa-tipped darts You enter the shallow water.
Moving in this stuff is going to be slow.
You now have 76 gold pieces (gained 13).
You see here a +0 mace.
You see here a +0 whip.
Found a stone staircase leading down.
Things that are here:
a +0 dagger; a stone
There is a stone staircase leading down here.
You see here a +0 hand axe.
Found a stone staircase leading up.
There is a stone staircase leading up here.
Found a stone staircase leading up.
There is a stone staircase leading up here.
A bat is nearby!
A bat is nearby!
A bat is nearby!
The bat hits you but does no damage.
You hit the bat.
You kill the bat!
No target in view!
Things that are here:
a +0 dagger; a stone; a bat corpse Key pressed, stopping explore.
You see here 22 sling bullets.
You see here 22 sling bullets.
Key pressed, stopping explore.
You enter the shallow water.
Moving in this stuff is going to be slow.
You enter the shallow water.
Moving in this stuff is going to be slow.
Partly explored, can't reach some places.
Partly explored, can't reach some places.
Partly explored, can't reach some places.
You enter the shallow water.
Moving in this stuff is going to be slow.
Things that are here:
a +0 dagger; a stone; a bat corpse
There is a stone staircase leading down here.
You climb downwards.
Found a cloak.
Found Comp's Jewellery Emporium.
There is a stone staircase leading up here.
A dart slug comes into view.
You see here a +0 cloak.
A dart slug is nearby!
A dart slug is nearby!
Found a fizzy cyan potion.
The dart slug launches a dart at you.
The slug dart hits you but does no damage.
The dart slug launches a dart at you. The slug dart hits you.
The dart slug bites you but does no damage.
You slash the dart slug! The dart slug bites you.
You hit the dart slug but do no damage. The dart slug launches a dart at you.
The slug dart hits you.
You slash the dart slug!
You kill the dart slug!
No target in view!
No target in view!
l - a fizzy cyan potion
m - a +0 cloak
There is a stone staircase leading up here.
A hobgoblin comes into view.
The hobgoblin shouts!
You hear a shout!
There is an entrance to Comp's Jewellery Emporium here.
A hobgoblin is nearby!
A giant cockroach comes into view.
A jelly comes into view.
The jelly quivers.
The hobgoblin barely misses you.
You barely miss the giant cockroach. You hit the hobgoblin.
You kill the hobgoblin!
You block the giant cockroach's attack.
You barely miss the giant cockroach.
The giant cockroach bites you but does no damage.
A hobgoblin comes into view.
The giant cockroach bites you but does no damage.
You slash the giant cockroach!
You kill the giant cockroach!
You barely miss the hobgoblin. You block the hobgoblin's attack.
You hit the jelly but do no damage.
Your hands burn!
You hit the hobgoblin. The hobgoblin closely misses you. The jelly hits you.
The acid corrodes you!
You are splashed with acid.
The hobgoblin hits you.
You are too injured to fight recklessly!
You are too injured to fight recklessly!
You are too injured to fight recklessly!
You are too injured to fight recklessly!
You are too injured to fight recklessly!
You are too injured to fight recklessly!
The hobgoblin barely misses you. You block the hobgoblin's attack.
There is an entrance to Comp's Jewellery Emporium here.
There is a stone staircase leading up here.
The jelly hits you.
You are splashed with acid!
* * * LOW HITPOINT WARNING * * *
You climb upwards.
There is a stone staircase leading down here.
You are no longer corroded.
You hit the jelly. The acid corrodes you!
Your hands burn!
* * * LOW HITPOINT WARNING * * *
The jelly hits you.
* * * LOW HITPOINT WARNING * * *
You are splashed with acid!
You die...

.# ##.#.......##...## #.#
.#####....#####.###.###########.#
........#.# #.# #.# #.......#.#
..........# #.# #.# #.#####.#.#
.######.#.# #.# #.# #.# #.#.#
.######.#.#####.# #.# #.# #....
.......(........###.# #.# #.###
#######.............###.#####.# #
#######.....#(..@J...........>###
........##.###......<...#####....
#######)#.## ##.######### ###.#
#.#..###.## #.#
#######.#.#.#..#### ########)#
..#..........#....######.........
#.#.#######..............######..
#.#.# #..####.########### #..
#.#.# #..# #.# ##...###..


You could see a jelly.

Vanquished Creatures
  4 dart slugs
  An endoplasm (D:1)
  3 giant cockroaches
  A goblin (D:2)
  5 hobgoblins
  2 jackals (D:1)
  3 quokkas
  4 ball pythons
  4 bats
  2 frilled lizards (D:1)
  4 kobolds
  8 rats
41 creatures vanquished.

Notes
Turn   | Place    | Note
-------+----------+-------------------------------------------
     0 | D:1      | CryoSword the Demonspawn Fighter began the quest for the
                  | Orb.
     0 | D:1      | Reached XP level 1. HP: 18/18 MP: 1/1
   101 | D:1      | Discovered your monstrous ancestry.
   101 | D:1      | Gained mutation: Your touch may inflict minor irresistible
                  | damage on your foes. [demonic ancestry]
   101 | D:1      | Reached XP level 2. HP: 23/24 MP: 2/2
   599 | D:1      | Reached XP level 3. HP: 26/29 MP: 3/3
   902 | D:2      | Found a snail-covered altar of Cheibriados.
  1012 | D:2      | Found a faded altar of an unknown god.
  1639 | D:3      | Found Comp's Jewellery Emporium.
  1747 | D:2      | HP: 1/29 [jelly (2)]
  1747 | D:2      | Splashed by a jelly's acid

Illustrated notes

Levels and vault maps discovered:
D:1:      tarquinn_simple_flora_water_f, layout_basic
D:2:      layout_loops_ring, shapermc_ecumenical_altar_totnotflames,
          basic_altar, chequers_serial_rivers_small_3
D:3:      layout_basic, grunt_qazlal_clouds, serial_shops, nicolae_shop_crystal

Skill      XL: |  1  2 |
---------------+-------+-----
Axes           | 2 3 |  3.6
Fighting       | |  3.0
Armour         | |  2.6
Shields        | |  2.6

Action                   || total
-------------------------++-------
Melee: War axe           ||   110
Armor: Scale mail        ||    51
Dodge: Dodged            ||    44
Block: Buckler           ||    31
